 Dungeon Crawl Stone Soup version 0.25-b1-41-g19641232cd (webtiles) character file.

Game seed: 5167785929109952903

194 snowfan the Magician (level 5, -6/35 HPs)
             Began as a Mummy Conjurer on June 8, 2020.
             Mangled by Edmund
             ... wielding a +1 dire flail of draining
              (10 damage)
             ... on level 4 of the Dungeon.
             The game lasted 00:08:23 (3968 turns).

snowfan the Magician (Mummy Conjurer)               Turns: 3968, Time: 00:08:23

Health: -6/35      AC:  3    Str: 12    XL:     5   Next: 44%
Magic:  2/14       EV: 16    Int: 21    God:
Gold:   222        SH:  0    Dex: 12    Spells: 17/18 levels left

rFire    x . .     SeeInvis .   l - +1 whip (venom)
rCold    + . .     Gourm    .   (no shield)
rNeg     + + +     Faith    .   a - +0 robe
rPois    ∞         Spirit   .   (no helmet)
rElec    .         Reflect  .   (no cloak)
rCorr    .         Harm     .   g - +0 pair of gloves
MR       .....                  (no boots)
Stlth    ++........             d - amulet of the acrobat
HPRegen  0.11/turn              n - +4 ring of evasion
MPRegen  0.14/turn              e - +6 ring of intelligence

@: no status effects
A: no food or potions, fire vulnerability, cold resistance 1, negative energy
resistance 3, torment resistance, unbreathing
a: no special abilities


You were on level 4 of the Dungeon.
You were not hungry.

You visited 1 branch of the dungeon, and saw 4 of its levels.

You collected 222 gold pieces.

Inventory:

Hand Weapons
 c - a +0 hunting sling
 l - a +1 whip of venom (weapon)
Missiles
 h - 65 stones (quivered)
 o - 15 sling bullets
Armour
 a - a +0 robe (worn)
 g - a +0 pair of gloves (worn)
Jewellery
 d - an amulet of the acrobat (around neck)
 e - a +6 ring of intelligence (right hand)
 n - a +4 ring of evasion (left hand)
Wands
 k - a wand of random effects (7)
Scrolls
 b - 2 scrolls of remove curse
 f - a scroll of teleportation {unknown}
 i - a scroll of identify {unknown}
 j - a scroll of amnesia {unknown}
 m - 2 scrolls of magic mapping {unknown}


   Skills:
 - Level 1.5 Dodging
 - Level 1.5 Stealth
 + Level 7.1 Spellcasting
 - Level 3.2 Conjurations


You had 17 spell levels left.
You knew the following spells:

 Your Spells              Type           Power        Failure   Level  Hunger
a - Magic Dart            Conj           ###.         2%          1    N/A

Your spell library contained the following spells:

 Spells                   Type           Power        Failure   Level  Hunger
 Searing Ray              Conj           ###...       3%          2    N/A
 Dazzling Flash           Conj/Hex       ##....       14%         3    N/A
 Fulminant Prism          Conj/Hex       ##........   41%         4    N/A
 Iskenderun's Mystic Bla  Conj/Tloc      ##......     41%         4    N/A

Dungeon Overview and Level Annotations

Branches:
Dungeon (4/15)
 Temple: D:4-7

Altars:
Gozag
Trog

Annotations:
D:4 Edmund


Innate Abilities, Weirdness & Mutations

You do not eat or drink.
Your flesh is vulnerable to fire.
You are immune to poison.
Your flesh is cold resistant. (rC+)
You are immune to negative energy. (rN+++)
You are immune to unholy pain and torment.
You can survive without breathing.


Message History

Edmund is heavily wounded.
Edmund hits you with a +1 dire flail of draining!
* * * LOW HITPOINT WARNING * * *
Casting: Magic Dart (safe; 2% risk of failure)
Confirm with . or Enter, or press ? or * to list all spells.
Aiming: Magic Dart (safe; 2% risk of failure)
Press: ? - help, Shift-Dir - straight line, f/p - Edmund
Aim: Edmund, wielding a +1 dire flail of draining and wearing a +0 scale mail (heavily wounded)
The magic dart hits Edmund.
Edmund is severely wounded.
Edmund barely misses you.
Casting: Magic Dart (safe; 2% risk of failure)
Confirm with . or Enter, or press ? or * to list all spells.
Aiming: Magic Dart (safe; 2% risk of failure)
Press: ? - help, Shift-Dir - straight line, f/p - Edmund
Aim: Edmund, wielding a +1 dire flail of draining and wearing a +0 scale mail (severely wounded)
The magic dart hits Edmund.
Edmund is severely wounded.
Edmund hits you with a +1 dire flail of draining!
You die...

####### ..#.....#
#.#.....# #.#.....+
#.#.....# #.#.....#
##.#.....#
..#####........#####
⌠.....@@............
..#####..#...#######
####...# #...# #...#
#...# #...####### ##
#..........
.###.#####.)########


You could see Edmund.

Vanquished Creatures
  Jessica (D:2)
  3 worker ants
  An adder (D:3)
  2 oozes
  2 adder skeletons
  3 worms
  A dart slug (D:1)
  A leopard gecko (D:1)
  4 orcs (D:3)
  6 bats
  2 giant cockroaches
  10 goblins
  10 hobgoblins
  2 ball pythons
  8 frilled lizards
  4 kobolds
  2 rats
62 creatures vanquished.

Notes
Turn   | Place    | Note
-------+----------+-------------------------------------------
     0 | D:1      | snowfan the Mummy Conjurer began the quest for the Orb.
     0 | D:1      | Reached XP level 1. HP: 13/13 MP: 4/4
    22 | D:1      | Reached skill level 3 in Spellcasting
   252 | D:1      | Reached XP level 2. HP: 19/19 MP: 1/6
   578 | D:1      | Reached skill level 4 in Spellcasting
  1214 | D:2      | Reached XP level 3. HP: 24/24 MP: 8/8
  1299 | D:2      | Noticed Jessica
  1324 | D:2      | Killed Jessica
  1324 | D:2      | Reached skill level 5 in Spellcasting
  1649 | D:2      | Reached XP level 4. HP: 30/30 MP: 9/11
  1757 | D:2      | You fall into a shaft and drop 1 floor!
  1868 | D:2      | Found a bloodstained altar of Trog.
  1868 | D:2      | Found an opulent altar of Gozag.
  2554 | D:3      | Reached skill level 6 in Spellcasting
  3018 | D:3      | Reached XP level 5. HP: 35/35 MP: 0/13
  3727 | D:4      | Noticed a phantom
  3879 | D:4      | Reached skill level 7 in Spellcasting
  3954 | D:4      | Noticed Edmund
  3968 | D:4      | Mangled by Edmund

Illustrated notes

Levels and vault maps discovered:
D:1:      dpeg_arrival_tiny_f, layout_basic
D:2:      layout_loops_ring, gammafunk_temple_overflow_wave,
          hangedman_decor_peaks_small, minmay_misc_feat_rugged, uniq_jessica
D:3:      layout_basic
D:4:      black_bear_nest_2, layout_basic, grunt_temple_overflow_cloverleaf,
          doesnt_xom_only_xom, uniq_edmund

Skill      XL: |  1  2  3  4  5 |
---------------+----------------+-----
Spellcasting   | 3 4 5 6 7 |  7.1
Dodging        | |  1.5
Stealth        | |  1.5
Conjurations   | |  3.2

Action                   |  1- 3 |  4- 6 || total
-------------------------+-------+-------++-------
Melee: Whip              |       |     3 ||     3
 Fire: Hunting sling     |     4 |       ||     4
 Cast: Magic Dart        |    71 |   108 ||   179
  Use: Scroll            |       |     1 ||     1
Armor: Robe              |     1 |     3 ||     4
Dodge: Dodged            |     5 |    11 ||    16
